 Dungeon Crawl Stone Soup version 0.28-a0-850-g09de17f5b5 (webtiles) character file.

Game seed: 227850757483431854

30 marklar909 the Skirmisher (level 3, -1/31 HPs)
             Began as a Palentonga Fighter on Nov 13, 2021.
             Succumbed to an adder's poison
             ... on level 2 of the Dungeon.
             The game lasted 00:01:06 (1246 turns).

marklar909 the Skirmisher (Palentonga Fighter)      Turns: 1246, Time: 00:01:06

Health: -1/31      AC:  6    Str: 20    XL:     3   Next: 5%
Magic:  3/3        EV:  3    Int:  8    God:
Gold:   42         SH: 11    Dex:  9    Spells: 2/2 levels left

rFire   . . .      SeeInvis +   a - +0 flail
rCold   . . .      Faith    .   e - +0 tower shield
rNeg    . . .      Spirit   .   b - +0 scale mail
rPois   .          Reflect  .   (no helmet)
rElec   .          Harm     .   (no cloak)
rCorr   .          Rampage  .   (no gloves)
Will    .....                   (no barding)
Stlth   ..........              (no amulet)
HPRegen 0.10/turn               (no ring)
MPRegen 0.08/turn               (no ring)

@: mighty, lethally poisoned (-1 -> -3)
A: large, rugged brown scales 3, see invisible, deformed body, roll 1, armoured
tail
a: Rolling Charge


You were on level 2 of the Dungeon.
You visited 1 branch of the dungeon, and saw 2 of its levels.

You collected 42 gold pieces.

Inventory:

Hand Weapons
 a - a +0 flail (weapon)
Armour
 b - a +0 scale mail (worn)
 e - a +0 tower shield (worn)
Scrolls
 c - a scroll of teleportation {unknown}
 g - a scroll of immolation {unknown}
 h - a scroll of identify {unknown}
 k - a scroll of amnesia {unknown}
Potions
 d - a potion of might
 f - 2 potions of ambrosia {unknown}
 i - a potion of haste {unknown}
 j - a potion of heal wounds {unknown}


   Skills:
 * Level 3.3 Fighting
 + Level 2.4 Maces & Flails
 * Level 2.7 Armour
 * Level 2.7 Shields


You had 2 spell levels left.
You didn't know any spells.
Your spell library contained the following spells:

 Spells                   Type           Power      Damage    Failure   Level
 Foxfire                  Conj/Fire      0%         2x1d4     100%        1
 Conjure Flame            Conj/Fire      0%         6-21      100%        3
 Inner Flame              Hex/Fire       0%         N/A       100%        3
 Flame Wave               Conj/Fire      0%         3d3       100%        4


Dungeon Overview and Level Annotations

Branches:
Dungeon (2/15)

Altars:


Innate Abilities, Weirdness & Mutations

You are completely covered in rugged brown scales. (AC +3, +7% HP)
You have supernaturally acute eyesight. (SInv)
Armour fits poorly on your strangely shaped body.
You can roll at nearby foes to attack.
You have a long armoured tail.


Message History

You block the adder's attack. The adder bites you.
You are poisoned.
The adder poisons you!
You closely miss the adder.
The adder is severely wounded.
You feel sick. The adder bites you but does no damage.
You block the adder's attack.
You barely miss the adder.
The adder is severely wounded.
You feel sick. The adder bites you. x2
* * * LOW HITPOINT WARNING * * *
You hit the adder.
The adder is almost dead.
You feel sick.
You are no longer poisoned.
You block the adder's attack. The adder bites you but does no damage.
You barely miss the adder.
The adder is almost dead.
You block the adder's attack. The adder bites you but does no damage.
You block the adder's attack.
You closely miss the adder.
The adder is almost dead.
The adder bites you but does no damage. You block the adder's attack.
You miss the adder.
The adder is severely wounded.
The adder bites you.
* * * LOW HITPOINT WARNING * * *
You are lethally poisoned!
The adder poisons you! You block the adder's attack.
You feel very mighty all of a sudden.
* * * LOW HITPOINT WARNING * * *
You feel sick. You block the adder's attack.
You closely miss the adder.
The adder is severely wounded.
* * * LOW HITPOINT WARNING * * *
You feel sick. The adder bites you but does no damage.
You block the adder's attack. The adder bites you but does no damage.
You miss the adder.
The adder is severely wounded.
You die...

#########
#.......#
#.......#
#.......#####
#.......#...##
####...#.....#.
#.#.@S......
##.##........
#..##.......!
#.####.....##
#.# ......# #.#
......# #.#
......# ###.##
....... #....#


You could see an adder.

Vanquished Creatures
  An adder (D:1)
  A dart slug (D:2)
  4 ball pythons (D:1)
  An endoplasm (D:1)
  A goblin (D:1)
  2 hobgoblins (D:1)
  3 kobolds (D:1)
  A quokka (D:1)
  A bat (D:1)
  A frilled lizard (D:1)
  4 rats
20 creatures vanquished.

Notes
Turn   | Place    | Note
-------+----------+-------------------------------------------
     0 | D:1      | marklar909 the Palentonga Fighter began the quest for the
                  | Orb.
     0 | D:1      | Reached XP level 1. HP: 19/19 MP: 1/1
    22 | D:1      | Noticed a shining eye
    48 | D:1      | Found a faded altar of an unknown god.
    54 | D:1      | Noticed a great orb of eyes
    59 | D:1      | Noticed a shining eye
    60 | D:1      | Noticed a golden eye
   144 | D:1      | Reached XP level 2. HP: 25/25 MP: 2/2
  1155 | D:2      | Reached XP level 3. HP: 30/31 MP: 3/3
  1245 | D:2      | HP: 1/31 [poisoned by an adder]
  1246 | D:2      | Succumbed to an adder's poison

Illustrated notes

Levels and vault maps discovered:
D:1:      amcnicky_arrival_gap_in_the_tavern_cellar, layout_loops_corners,
          hellmonk_ecumenical_altar_watching_god, hangedman_decor_growths
D:2:      layout_rooms, small_statue_intersection, minmay_misc_feat_chi,
          uniq_sigmund, uniq_terence

Action                   || total
-------------------------++-------
Melee: Flail             ||    56
       Tailslap          ||     4
  Use: Potion            ||     1
Armor: Scale mail        ||    27
Dodge: Dodged            ||    14
Block: Tower shield      ||    42

Table legend: (Time is in decaauts)
 A = Elapsed time spent in this place.
 B = Non-inter-level travel time spent in this place.
 C = Inter-level travel time spent in this place.
 D = Time resting spent in this place.
 E = Time spent auto-exploring this place.
 F = Levels seen in this place.
 G = Mean time per level.
                   A        B        C        D        E       F      G
               +--------+--------+--------+--------+--------+-----+--------+
         Total |   1284 |   1217 |     67 |    201 |    833 |   2 |  642.0 |
       Dungeon |   1284 |   1217 |     67 |    201 |    833 |   2 |  642.0 |
               +--------+--------+--------+--------+--------+-----+--------+

Top non-repeatable levels by time:
     D:1: 1169 daAuts
     D:2: 114 daAuts
